 Dungeon Crawl Stone Soup version 0.30-a0-989-g0d87f670db (webtiles) character file.

Game seed: 16912757123143854684

66 jimonade the Trooper (level 4, -3/40 HPs)
             Began as a Hill Orc Monk on Apr 2, 2023.
             Slain by Sigmund
             ... wielding a +0 scythe
              (5 damage)
             ... on level 2 of the Dungeon.
             The game lasted 00:02:42 (1611 turns).

jimonade the Trooper (Hill Orc Monk)                Turns: 1611, Time: 00:02:43

Health: -3/40      AC:  2    Str: 15    XL:     4   Next: 15%
Magic:  5/5        EV: 12    Int: 10    God:
Gold:   75         SH:  0    Dex: 13    Spells: 3/3 levels left

rFire   . . .      SeeInvis .    a - +2 short sword (speed)
rCold   . . .      Faith    .    (no shield)
rNeg    . . .      Spirit   .    b - +0 robe
rPois   .          Reflect  .    (no helmet)
rElec   .          Rampage  .    (no cloak)
rCorr   .                        (no gloves)
Will    .....                    (no boots)
Stlth   +                        (no amulet)
HPRegen 0.26/turn                (no ring)
MPRegen 0.09/turn                (no ring)

@: confused
A: no striking features
a: no special abilities


You were on level 2 of the Dungeon.
You visited 1 branch of the dungeon, and saw 2 of its levels.

You collected 75 gold pieces.

Inventory:

Hand Weapons
 a - a +2 short sword of speed (weapon)
 e - a +0 spear
Armour
 b - a +0 robe (worn)
Scrolls
 d - a scroll of enchant weapon {unknown}
 f - a scroll of blinking {unknown}
 g - 2 scrolls of identify {unknown}
 j - a scroll of magic mapping {unknown}
 k - a scroll of teleportation {unknown}
Potions
 c - a potion of ambrosia
 h - a potion of curing {unknown}
 i - a potion of berserk rage {unknown}


   Skills:
 + Level 4.2 Fighting
 + Level 1.3 Short Blades
 + Level 3.7 Polearms
 + Level 2.7 Dodging
 - Level 1.5 Stealth
 * Level 2.0 Invocations


You had 3 spell levels left.
You didn't know any spells.
Your spell library contained the following spells:

 Spells                   Type           Power      Damage    Failure   Level
 Summon Small Mammal      Summ           0%         N/A       36%         1
 Call Canine Familiar     Summ           0%         N/A       75%         3
 Summon Guardian Golem    Hex/Summ       0%         N/A       75%         3


Dungeon Overview and Level Annotations

Branches:
Dungeon (2/15)

Altars:

Shops:
D:2 :

Annotations:
D:2 Sigmund


Message History

The giant cockroach is moderately wounded.
The giant cockroach bites you but does no damage.
You hit the giant cockroach.
You kill the giant cockroach!
Sigmund casts a spell at you. The puff of flame misses you.
Sigmund gestures at you while chanting. The magic dart hits you!
Sigmund hits you from afar with a +0 scythe.
Sigmund says, "I'm your fate."
There is an open door here.
There is a stone staircase leading down here.
Sigmund mumbles some strange words.
Sigmund flickers and vanishes!
Deactivating autopickup; reactivate with Ctrl-A.
A magic dart appears from out of thin air!
The magic dart hits you.
There is an open door here.
As you close the door, it creaks loudly!
Something unseen opens the door.
Something tries to affect you, but you resist.
Sigmund casts a spell.
Sigmund flickers and vanishes!
Something tries to affect you, but you resist.
A puff of flame appears from out of thin air!
The puff of flame hits you!
You are confused.
You bump into the rock wall.
Something hits you!
You hear some strange, mumbled words.
Something tries to affect you, but you resist.
You feel less confused.
You are confused.
Something hits you!
You're too confused to move!
Something hits you!
* * * LOW HITPOINT WARNING * * *
Something hits you.
* * * LOW HITPOINT WARNING * * *
Something hits you.
You die...

........#..####.###
#.###........
....|...#.........#
#.# #........
........#.........#
#.# #........
........#.........#
#.# #........
........#.........#
#.# #........
........'.........#
#.# ########.
........#.........#
#.
........#รท.....{..#
#.
#########.......@.#
#. #.....<...# #.
########### #. #. #.


There were no monsters in sight!

Vanquished Creatures
  An adder (D:2)
  A worm (D:2)
  A dart slug (D:1)
  4 bats
  3 endoplasms (D:1)
  6 giant cockroaches
  3 goblins (D:1)
  6 hobgoblins
  6 jackals (D:1)
  3 kobolds
  A quokka (D:1)
  A ball python (D:1)
  3 frilled lizards (D:1)
  7 rats
46 creatures vanquished.

Notes
Turn   | Place    | Note
-------+----------+-------------------------------------------
     0 | D:1      | jimonade the Hill Orc Monk began the quest for the Orb.
     0 | D:1      | Reached XP level 1. HP: 19/19 MP: 1/1
   111 | D:1      | Reached XP level 2. HP: 24/27 MP: 2/2
   186 | D:1      | Reached skill level 1 in Invocations
   288 | D:1      | Reached skill level 4 in Fighting
   306 | D:1      | Reached XP level 3. HP: 20/33 MP: 4/4
  1383 | D:2      | Reached skill level 1 in Short Blades
  1441 | D:2      | Reached XP level 4. HP: 37/40 MP: 5/5
  1516 | D:2      | Found Nesteytao's Book Shoppe.
  1518 | D:2      | Noticed Sigmund
  1610 | D:2      | HP: 2/40 [something (4)]
  1611 | D:2      | Slain by Sigmund

Illustrated notes

Levels and vault maps discovered:
D:1:      mrwooster_arrival_statue_2, layout_basic,
          nicolae_concentric_dashed_squares_wild
D:2:      layout_basic, serial_shops, nicolae_shop_advertising_works
          [nicolae_subvault_shop_adworks], uniq_sigmund

Skill      XL: |  1  2  3  4 |
---------------+-------------+-----
Invocations    | 1 2 |  2.0
Fighting       | 4 |  4.2
Short Blades   | 1 |  1.3
Polearms       | |  3.7
Dodging        | |  2.7
Stealth        | |  1.5

Action                     |  1- 3 |  4- 6 || total
---------------------------+-------+-------++-------
  Melee: Spear             |    29 |       ||    29
         Short sword       |   113 |     8 ||   121
         Punch             |     1 |     1 ||     2
   Stab: Sleeping          |     4 |       ||     4
 Armour: Robe              |    11 |     3 ||    14
  Dodge: Dodged            |    60 |     7 ||    67

Table legend: (Time is in decaauts)
 A = Elapsed time spent in this place.
 B = Non-inter-level travel time spent in this place.
 C = Inter-level travel time spent in this place.
 D = Time resting spent in this place.
 E = Time spent auto-exploring this place.
 F = Levels seen in this place.
 G = Mean time per level.
                   A        B        C        D        E       F      G
               +--------+--------+--------+--------+--------+-----+--------+
         Total |   1563 |   1533 |     30 |      0 |   1148 |   2 |  781.5 |
       Dungeon |   1563 |   1533 |     30 |      0 |   1148 |   2 |  781.5 |
               +--------+--------+--------+--------+--------+-----+--------+

Top non-repeatable levels by time:
     D:1: 1191 daAuts
     D:2: 372 daAuts
